 Dungeon Crawl Stone Soup version 0.17.1-2-g5865329 (webtiles) character file.

69 Mysteryquy the Slasher (level 4, -2/37 HPs)
             Began as a Centaur Gladiator on Jan 17, 2016.
             Was an Initiate of Okawaru.
             Slain by Terence
             ... wielding a +3 hand axe of electrocution
              (10 damage)
             ... on level 2 of the Dungeon.
             The game lasted 00:03:04 (1527 turns).

Mysteryquy the Slasher (Centaur Gladiator)          Turns: 1527, Time: 00:03:05

Health: -2/37      AC:  5    Str: 17    XL:     4   Next: 2%
Magic:  4/4        EV: 10    Int:  7    God:    Okawaru [......]
Gold:   104        SH:  0    Dex: 11    Spells: 0 memorised, 3 levels left

rFire  x . .     SeeInvis .     a - +0 long sword
rCold  + . .     Clarity  .     b - +0 leather armour
rNeg   . . .     SustAt   .     (no shield)
rPois  .         Gourm    .     c - +0 helmet
rElec  .         Spirit   .     (no cloak)
rCorr  .         Warding  .     (no gloves)
rMut   .         Stasis   .     (no barding)
MR     .....                    (no amulet)
Stlth  +.........               (no ring)
                                o - ring of ice

@: very quick, not resistant to hostile enchantments, very unstealthy
A: hooves 3, deformed body, speed 2, tough skin 3
a: Renounce Religion


You were on level 2 of the Dungeon.
You worshipped Okawaru.
Okawaru was noncommittal.
You were not hungry.

You visited 1 branch of the dungeon, and saw 2 of its levels.

You collected 104 gold pieces.

Inventory:

Hand Weapons
 a - a +0 long sword (weapon)
Missiles
 d - 2 throwing nets (quivered)
 i - 8 poisoned javelins
 j - 30 poisoned needles
Armour
 b - a +0 leather armour (worn)
 c - a +0 helmet (worn)
Jewellery
 o - a ring of ice (left hand)
Scrolls
 f - a scroll of fog {unknown}
 g - 3 scrolls of remove curse {unknown}
 k - a scroll of identify {unknown}
 q - a scroll of enchant weapon {unknown}
Potions
 h - 2 potions of agility {unknown}
 m - a potion of ambrosia {unknown}
 n - a potion of cure mutation {unknown}
Comestibles
 e - a bread ration
 l - a meat ration


   Skills:
 + Level 2.6 Fighting
 + Level 3.2 Long Blades
 * Level 2.9 Throwing
 + Level 0.4 Armour
 + Level 2.5 Dodging


You had 3 spell levels left.
You didn't know any spells.

Dungeon Overview and Level Annotations

Branches:
Dungeon (2/15)

Altars:
Okawaru

Annotations:
D:2 Terence


Innate Abilities, Weirdness & Mutations

You have hooves in place of feet.
Armour fits poorly on your strangely shaped body.
You cover ground very quickly.
You have extremely tough skin (AC +3).


Message History

Terence is heavily wounded.
Terence hits you with a hand axe of electrocution.
You hit Terence but do no damage.
Terence is heavily wounded.
Terence hits you but does no damage.
You closely miss Terence. You kick Terence.
Terence is heavily wounded.
Terence hits you with a hand axe of electrocution.
You are electrocuted!
You hit Terence but do no damage. Your kick misses Terence.
Terence is heavily wounded.
Terence hits you but does no damage.
You hit Terence but do no damage. Your kick misses Terence.
Terence is heavily wounded.
Terence hits you with a hand axe of electrocution.
* * * LOW HITPOINT WARNING * * *
You closely miss Terence.
Terence is heavily wounded.
Terence hits you with a hand axe of electrocution!
You die...

## ..# #.# #. #.#
#.# #.# #.# #.# ##
#.# #.#######...##
#.#####.....@@l.....
#.#.....#######...##
#...#.#......... ..<
#.......######.. .
#.#.#.#.......
#.#.....######
#.#.#.#.... #.
#.#.#.#.### ...
##.#.#.#.# #.#


You could see Terence and a giant newt.

Vanquished Creatures
  A gnoll (D:1)
  3 adders (D:2)
  An ooze (D:1)
  A worm (D:2)
  2 bat zombies (D:1)
  A giant cockroach (D:2)
  4 hobgoblins
  2 kobolds (D:1)
  3 bats
  A giant gecko (D:1)
  A giant newt (D:2)
  A goblin (D:1)
  10 rats
31 creatures vanquished.

Notes
Turn   | Place    | Note
--------------------------------------------------------------
     0 | D:1      | Mysteryquy the Centaur Gladiator began the quest for the Orb.
     0 | D:1      | Reached XP level 1. HP: 17/17 MP: 1/1
   278 | D:1      | Reached XP level 2. HP: 24/24 MP: 2/2
   494 | D:1      | Reached XP level 3. HP: 14/30 MP: 3/3
   498 | D:1      | Found an iron altar of Okawaru.
   503 | D:1      | Became a worshipper of Warmaster Okawaru
  1000 | D:2      | Reached skill level 3 in Long Blades
  1476 | D:2      | Reached XP level 4. HP: 34/37 MP: 4/4
  1513 | D:2      | Noticed Terence
  1527 | D:2      | Slain by Terence

Action                   |  1- 3 |  4- 6 || total
-------------------------+-------+-------++-------
Melee: Long sword        |    85 |    13 ||    98
Throw: Throwing net      |       |     1 ||     1
  Eat: Chunk             |     1 |       ||     1
